 Dungeon Crawl Stone Soup version 0.27-a0-1232-gc6a4cbde82 (webtiles) character file.

Game seed: 14262655375403025094

279 tsouns the Cutter (level 6, -1/39 HPs)
             Began as a Kobold Gladiator on June 8, 2021.
             Was an Initiate of Hepliaklqana.
             Slain by Pikel
             ... wielding a +2 whip of freezing
              (4 damage)
             ... on level 4 of the Dungeon.
             The game lasted 00:08:03 (4126 turns).

tsouns the Cutter (Kobold Gladiator)                Turns: 4126, Time: 00:08:04

Health: -1/39      AC:  6    Str: 13    XL:     6   Next: 52%
Magic:  6/6        EV: 15    Int: 10    God:    Hepliaklqana [......]
Gold:   75         SH:  0    Dex: 16    Spells: 5/5 levels left

rFire    . . .     SeeInvis .   l - +1 short sword (drain)
rCold    . . .     Faith    .   (shield restricted)
rNeg     . . .     Spirit   .   b - +0 leather armour
rPois    .         Reflect  .   c - +1 helmet
rElec    .         Harm     .   (no cloak)
rCorr    .         Rampage  .   (no gloves)
Will     .....                  f - +0 pair of boots
Stlth    +++.......             (no amulet)
HPRegen  0.13/turn              (no ring)
MPRegen  0.10/turn              (no ring)

@: no status effects
A: small, no large weapons, nightstalker 3
a: Renounce Religion


You were on level 4 of the Dungeon.
You worshipped Hepliaklqana.
Hepliaklqana was noncommittal.
You visited 2 branches of the dungeon, and saw 5 of its levels.

You collected 75 gold pieces.

Inventory:

Hand Weapons
 a - a +0 rapier
 l - a +1 short sword of draining (weapon)
 p - a +1 dagger of electrocution
Missiles
 g - 46 bolts
 k - 6 poisoned darts (quivered)
Armour
 b - a +0 leather armour (worn)
 c - a +1 helmet (worn)
 f - a +0 pair of boots (worn)
Scrolls
 m - 2 scrolls of blinking
 n - a scroll of identify
Potions
 e - a potion of resistance
 h - a potion of attraction
 i - a potion of brilliance {unknown}
 o - a potion of flight
 q - a potion of curing {unknown}
 r - 2 potions of mutation {unknown}
 s - a potion of haste
 t - a potion of lignification {unknown}


   Skills:
 + Level 4.7 Fighting
 + Level 6.4 Short Blades
 - Level 2.1 Throwing
 - Level 3.6 Dodging
 - Level 3.7 Stealth


You had 5 spell levels left.
You didn't know any spells.
Your spell library contained the following spells:

 Spells                   Type           Power      Damage    Failure   Level
 Animate Skeleton         Necr           0%         N/A       43%         1
 Apportation              Tloc           0%         N/A       43%         1
 Corona                   Hex            0%         N/A       43%         1
 Magic Dart               Conj           0%         1d3       43%         1
 Summon Small Mammal      Summ           0%         N/A       43%         1
 Searing Ray              Conj           0%         3d3       58%         2
 Dazzling Flash           Conj/Hex       0%         N/A       82%         3
 Fulminant Prism          Conj/Hex       0%         3d6       99%         4
 Iskenderun's Mystic Bla  Conj/Tloc      0%         2d3       99%         4


Dungeon Overview and Level Annotations

Branches:
Dungeon (4/15)             Temple (1/1) D:4

Altars:
Ashenzari
Cheibriados
Fedhas
Gozag
Hepliaklqana
Kikubaaqudgha
Makhleb
Nemelex Xobeh
Qazlal
Ru
Sif Muna
Uskayaw
Vehumet
Wu Jian
Xom
Yredelemnul
Zin
The Shining One

Shops:
D:1 =

Annotations:
D:4 Pikel


Innate Abilities, Weirdness & Mutations

You are small and have problems with some larger weapons.
You are completely attuned to the shadows.


Message History

You barely miss Pikel.
Pikel is heavily wounded.
Pikel hits you but does no damage.
You feel much better.
Pikel hits you with a +2 whip of freezing.
Pikel freezes you.
Your +1 dagger of electrocution stops crackling.
You sense an unholy aura.
l - a +1 short sword of draining (weapon)
You barely miss Pikel.
Pikel is heavily wounded.
Pikel hits you with a +2 whip of freezing.
Pikel freezes you.
You hit Pikel.
Pikel is severely wounded.
Pikel hits you with a +2 whip of freezing.
* * * LOW HITPOINT WARNING * * *
Pikel freezes you.
* * * LOW HITPOINT WARNING * * *
You hit Pikel but do no damage. You drain Pikel.
Pikel is severely wounded.
You hit Pikel.
Pikel is severely wounded.
Pikel closely misses you.
You miss Pikel.
Pikel is severely wounded.
Pikel completely misses you.
Okay, then.
Okay, then.
Throw: throwing net
Press: ? - help, Q - select action, (/) - cycle Shift-Dir - straight line, f/p - Pikel
Aim: Pikel, wielding a +2 whip of freezing and wearing a +0 robe (severely wounded, lightly drained, 56% to hit)
You throw a throwing net. The throwing net closely misses Pikel.
Pikel barely misses you.
You barely miss Pikel.
Pikel is severely wounded.
Pikel hits you with a +2 whip of freezing!
* * * LOW HITPOINT WARNING * * *
Pikel freezes you.
You die...

##.. ###..#
##...#####
##....⌠...#..
##..........<# ..
##....⌠.>.⌠..# ...
##............#
#...###........⌠@..##
#...^.....#######K##
#.......### #5#
#.....### #.#########
#.....# ##.........##
......#
###..........|#
......#
#.............#
......#
#..............
......#
#..............


You could see Pikel (drained) and a lemure.

Vanquished Creatures
  3 lemures (D:4)
  A howler monkey (D:4)
  3 jellies (D:2)
  An orc priest (D:3)
  Jessica (D:3)
  An adder (D:3)
  9 orcs (D:3)
  A ball python (D:3)
  18 endoplasms
  A giant cockroach (D:2)
  4 goblins
  4 hobgoblins
  10 kobolds
  3 quokkas
  5 bats
  3 frilled lizards (D:1)
  7 rats (D:1)
75 creatures vanquished.

Vanquished Creatures (others)
  5 fungi (D:2)
  9 toadstools (D:2)
14 creatures vanquished.

Grand Total: 89 creatures vanquished

Notes
Turn   | Place    | Note
-------+----------+-------------------------------------------
     0 | D:1      | tsouns the Kobold Gladiator began the quest for the Orb.
     0 | D:1      | Reached XP level 1. HP: 12/12 MP: 1/1
   198 | D:1      | Reached skill level 1 in Stealth
   202 | D:1      | Reached XP level 2. HP: 18/18 MP: 2/2
   278 | D:1      | Found Potaom's Jewellery Shop.
   827 | D:2      | Reached XP level 3. HP: 22/22 MP: 3/3
  1541 | D:3      | Reached XP level 4. HP: 18/28 MP: 4/4
  1775 | D:3      | Found a sparkling altar of Nemelex Xobeh.
  1776 | D:3      | Noticed Jessica
  1780 | D:3      | Killed Jessica
  1781 | D:3      | Reached skill level 5 in Short Blades
  1787 | D:3      | Found an ancient bone altar of Kikubaaqudgha.
  1793 | D:3      | Found a radiant altar of Vehumet.
  2292 | D:3      | Reached XP level 5. HP: 16/32 MP: 5/5
  3144 | D:2      | Found a faded altar of an unknown god.
  3149 | D:2      | Became a worshipper of Ru the Awakened
  3295 | D:2      | Reached skill level 6 in Short Blades
  3295 | D:2      | Reached XP level 6. HP: 35/38 MP: 6/6
  3549 | D:4      | Found a burning altar of Makhleb.
  3550 | D:4      | Noticed a cacodemon
  3551 | D:4      | Found a glowing silver altar of Zin.
  3555 | D:4      | Noticed an angel
  3598 | D:4      | Found a staircase to the Ecumenical Temple.
  3604 | Temple   | Entered the Ecumenical Temple
  3912 | Temple   | Fell from the grace of Ru
  3912 | Temple   | Became a worshipper of Hepliaklqana the Forgotten
  4072 | D:4      | Noticed Pikel
  4126 | D:4      | Slain by Pikel

Illustrated notes

Levels and vault maps discovered:
D:1:      dpeg_arrival_ratfight, layout_rooms, serial_shops,
          nicolae_shop_crystal, serial_bayou_crossing
D:2:      cheibrodos_fertilizer, layout_rooms, basic_ecumenical_altar
D:3:      layout_loops_ring, minmay_overflow_temple_star_quad, uniq_jessica
D:4:      layout_cave_pods, grunt_temple_overflow_order_and_chaos_2,
          temple_fountains, gammafunk_ghost_cemetery, uniq_grinder, uniq_pikel,
          uniq_natasha
Temple:   dshaligram_water_room_temple

Skill      XL: |  1  2  3  4  5 |
---------------+----------------+-----
Stealth        | 1 2 3 |  3.7
Fighting       | 3 4 |  4.7
Short Blades   | 5 6 |  6.4
Throwing       | |  2.1
Dodging        | |  3.6

Action                   |  1- 3 |  4- 6 || total
-------------------------+-------+-------++-------
Melee: Rapier            |    55 |       ||    55
       Short sword       |    44 |    59 ||   103
       Dagger            |       |    44 ||    44
Throw: Throwing net      |       |     3 ||     3
Invok: Reject Sacrifices |       |     1 ||     1
  Use: Scroll            |       |     9 ||     9
       Potion            |       |     1 ||     1
 Stab: Sleeping          |    11 |    11 ||    22
       Held in net/web   |       |     1 ||     1
Armor: Leather armour    |    22 |     7 ||    29
Dodge: Dodged            |    48 |    39 ||    87

Table legend: (Time is in decaauts)
 A = Elapsed time spent in this place.
 B = Non-inter-level travel time spent in this place.
 C = Inter-level travel time spent in this place.
 D = Time resting spent in this place.
 E = Time spent auto-exploring this place.
 F = Levels seen in this place.
 G = Mean time per level.
                   A        B        C        D        E       F      G
               +--------+--------+--------+--------+--------+-----+--------+
         Total |   4111 |   3995 |    116 |      0 |   3322 |   5 |  822.2 |
       Dungeon |   3793 |   3685 |    108 |      0 |   3071 |   4 |  948.2 |
        Temple |    317 |    309 |      8 |      0 |    251 |   1 |  317.0 |
               +--------+--------+--------+--------+--------+-----+--------+

Top non-repeatable levels by time:
     D:3: 1446 daAuts
     D:2: 1049 daAuts
     D:1: 1027 daAuts
  Temple: 317 daAuts
     D:4: 269 daAuts
